 Dungeon Crawl Stone Soup version 0.25-a0-558-g78a2afb0af (webtiles) character file.

Game seed: 11708085814640283995, levelgen mode: classic

166 EnegeticOcto the Shield-Bearer (level 5, -6/49 HPs)
             Began as a Deep Dwarf Fighter on Feb 24, 2020.
             Mangled by an ogre
             ... wielding a +0 giant club
              (17 damage)
             ... on level 4 of the Dungeon.
             The game lasted 00:00:47 (1393 turns).

EnegeticOcto the Shield-Bearer (Deep Dwarf Fighter) Turns: 1393, Time: 00:00:48

Health: -6/49      AC:  8    Str: 20    XL:     5   Next: 22%
Magic:  2/2        EV:  8    Int:  9    God:
Gold:   182        SH:  9    Dex: 12    Spells: 4/4 levels left

rFire    . . .     SeeInvis .   a - +0 war axe
rCold    . . .     Gourm    .   c - +0 kite shield
rNeg     . . .     Faith    .   b - +0 scale mail
rPois    .         Spirit   .   (no helmet)
rElec    .         Reflect  .   (no cloak)
rCorr    .         Harm     .   p - +0 pair of gloves
MR       .....                  (no boots)
Stlth    ..........             (no amulet)
HPRegen  0.00/turn              (no ring)
MPRegen  0.08/turn              (no ring)

@: lethally poisoned (-6 -> -6), non-regenerating
A: damage resistance, heal wounds, sense surroundings 1, no regeneration
a: Heal Wounds


You were on level 4 of the Dungeon.
You were hungry.

You visited 1 branch of the dungeon, and saw 4 of its levels.

You collected 182 gold pieces.

Inventory:

Hand Weapons
 a - a +0 war axe (weapon)
Armour
 b - a +0 scale mail (worn)
 c - a +0 kite shield (worn)
 p - a +0 pair of gloves (worn)
Wands
 m - a wand of clouds (4)
Scrolls
 g - a scroll of random uselessness {unknown}
 h - 2 scrolls of fear {unknown}
 i - 2 scrolls of identify {unknown}
 l - a scroll of noise {unknown}
 n - a scroll of remove curse {unknown}
Potions
 f - a potion of mutation {unknown}
 j - a potion of lignification {unknown}
 k - a potion of might {@q3}
 o - a potion of curing {unknown}
Comestibles
 e - 6 rations


   Skills:
 * Level 3.6 Fighting
 * Level 3.7 Axes
 + Level 3.9 Armour
 + Level 1.8 Dodging
 + Level 3.9 Shields


You had 4 spell levels left.
You didn't know any spells.
Your spell library was empty.

Dungeon Overview and Level Annotations

Branches:
Dungeon (4/15)
 Temple: D:4-7

Altars:


Innate Abilities, Weirdness & Mutations

You are resistant to damage.
You can heal yourself by infusing magical energy.
You passively map a small area around you.
You do not regenerate.


Message History

You are too injured to fight recklessly!
You are too injured to fight recklessly!
You are too injured to fight recklessly!
You are too injured to fight recklessly!
You are too injured to fight recklessly!
You are too injured to fight recklessly!
You are too injured to fight recklessly!
You are too injured to fight recklessly!
You are too injured to fight recklessly!
You are too injured to fight recklessly!
You are too injured to fight recklessly!
You are too injured to fight recklessly!
You are too injured to fight recklessly!
Your magical essence is drained by the effort!
You feel much better.
You feel much better. You block the ogre's attack.
You hit the ogre but do no damage.
The ogre is almost dead.
You block the ogre's attack.
You slash the ogre!
You kill the ogre!
You have reached level 5!
You see here a +0 giant spiked club.
You see here a falchion.
Found 4 large rocks.
A worker ant comes into view.
The worker ant twitches its antennae in your direction.
A worker ant is nearby!
A worker ant is nearby!
A worker ant is nearby!
A worker ant is nearby!
A leopard gecko and an ogre come into view.
The ogre shouts!
The leopard gecko hisses angrily.
You hit the worker ant.
The worker ant is moderately wounded.
The worker ant barely misses you.
You hit the worker ant.
The worker ant is moderately wounded.
You hit the ogre. You completely miss the leopard gecko.
The leopard gecko bites you.
The worker ant bites you but does no damage.
The leopard gecko barely misses you. The ogre barely misses you.
The worker ant bites you.
You closely miss the worker ant.
The worker ant is moderately wounded.
You closely miss the leopard gecko. You hit the ogre.
You block the leopard gecko's attack. The worker ant bites you.
The ogre hits you with a +0 giant club. You block the leopard gecko's attack.
The worker ant bites you.
You are poisoned.
The worker ant poisons you!
You hit the ogre.
The ogre is heavily wounded.
You hit the worker ant. You hit the leopard gecko.
A gnoll comes into view.
You block the leopard gecko's attack. You block the worker ant's attack.
The ogre barely misses you.
The leopard gecko bites you but does no damage.
You closely miss the leopard gecko.
The leopard gecko is almost dead.
You slash the worker ant! You hit the ogre but do no damage.
The worker ant completely misses you. The ogre hits you with a +0 giant club!
The leopard gecko bites you but does no damage.
The worker ant bites you.
You barely miss the worker ant.
The worker ant is almost dead.
You hit the leopard gecko.
You kill the leopard gecko!
You barely miss the ogre. The worker ant bites you.
You are more poisoned.
The worker ant poisons you! The ogre completely misses you.
You block the worker ant's attack.
You closely miss the worker ant.
The worker ant is almost dead.
You hit the ogre. The ogre closely misses you.
You block the worker ant's attack.
You hit the worker ant but do no damage.
The worker ant is almost dead.
You slash the ogre!
The worker ant bites you but does no damage.
The ogre hits you with a +0 giant club!!
* * * LOW HITPOINT WARNING * * *
You block the worker ant's attack.
You are too injured to fight recklessly!
You are too injured to fight recklessly!
You are too injured to fight recklessly!
You are too injured to fight recklessly!
You are too injured to fight recklessly!
You are too injured to fight recklessly!
You feel much better. The ogre hits you with a +0 giant club!
You block the worker ant's attack. The gnoll barely misses you.
You fail to use your ability.
The worker ant bites you. The ogre hits you with a +0 giant club.
* * * LOW HITPOINT WARNING * * *
The gnoll hits you.
You fail to use your ability.
The worker ant barely misses you. The gnoll hits you.
* * * LOW HITPOINT WARNING * * *
The ogre hits you with a +0 giant club!!
You die...

#################
................#
###############.#
#.# #.#
#.########
#.#.......
#.#g......,
#(@a...... ,
##.O......
#........
##....... ,
....... ,
.....##, .###.#*
** *.# .. ,


You could see an ogre, a worker ant and a gnoll.

Vanquished Creatures
  An ogre (D:4)
  A gnoll (D:1)
  2 adders
  2 worms (D:3)
  2 dart slugs (D:1)
  4 leopard geckos
  3 bats
  A giant cockroach (D:2)
  2 goblins (D:1)
  6 hobgoblins
  4 jackals (D:3)
  A quokka (D:2)
  A ball python (D:3)
  3 frilled lizards
  4 kobolds
  3 rats
40 creatures vanquished.

Notes
Turn   | Place    | Note
-------+----------+-------------------------------------------
     0 | D:1      | EnegeticOcto the Deep Dwarf Fighter began the quest for the
                  | Orb.
     0 | D:1      | Reached XP level 1. HP: 20/20 MP: 1/1
    95 | D:1      | Reached XP level 2. HP: 22/27 MP: 2/2
   203 | D:2      | Reached XP level 3. HP: 34/34 MP: 3/3
   296 | D:2      | Reached skill level 1 in Dodging
   507 | D:3      | Reached XP level 4. HP: 29/42 MP: 4/4
  1296 | D:4      | Noticed an ogre
  1314 | D:4      | Killed an ogre
  1314 | D:4      | Reached XP level 5. HP: 49/49 MP: 2/2
  1382 | D:4      | Noticed an ogre
  1393 | D:4      | Mangled by an ogre

Levels and vault maps discovered:
D:1:      lightli_arrival_quake, layout_basic, minmay_misc_feat_pillars
D:2:      layout_basic, kennysheep_slug_shrine, uniq_robin
D:3:      layout_loops_corners
D:4:      layout_gridville, kennysheep_ying_yang, kennysheep_little_box,
          first_ration, minmay_misc_feat_rugged,
          nicolae_qazlal_eye_of_the_storm, uniq_natasha, uniq_menkaure

Skill      XL: |  1  2  3 |
---------------+----------+-----
Fighting       | 3 |  3.6
Dodging        | 1 |  1.8
Axes           | 3 |  3.7
Armour         | |  3.9
Shields        | |  3.9

Action                   |  1- 3 |  4- 6 || total
-------------------------+-------+-------++-------
Melee: War axe           |    90 |    35 ||   125
 Abil: Heal Wounds       |     1 |     6 ||     7
  Eat: Chunk             |       |     1 ||     1
Armor: Scale mail        |    30 |     8 ||    38
Dodge: Dodged            |    27 |    16 ||    43
Block: Kite shield       |    54 |    21 ||    75

Table legend:
 A = Non-vault XP
 B = Vault XP
 C = Vault XP percentage of total XP
 D = Non-vault monster count
 E = Vault monster count
 F = Vault count percentage of total count
                 A         B        C        D         E       F
            +---------+---------+-------+---------+---------+-------
      Total |     238 |       0 |   0.0 |      40 |       0 |   0.0
            +---------+---------+-------+---------+---------+-------
        D:1 |      39 |       0 |   0.0 |      12 |       0 |   0.0
        D:2 |      28 |       0 |   0.0 |       8 |       0 |   0.0
        D:3 |      47 |       0 |   0.0 |      18 |       0 |   0.0
        D:4 |     124 |       0 |   0.0 |       2 |       0 |   0.0
            +---------+---------+-------+---------+---------+-------
